[ AOE2 MATCH · #513882745 ]
UnrankedCiv #61 vs Khmer
Player's team · WIN
Rival team · LOSS
[ REPLAY ANALYSIS · EXTRACTED FROM THE RECORDED GAME ]
Feudal
15:06
Castle
18:36
Imperial
—
| APM avg | 24.5 |
| APM peak | 48 |
| eAPM avg | 16.1 |
| Villagers / military | 50 / 13 |
Focus
⚔️ 25.8% · 🌾 74.2%
Fishing Ship ×24 · Longboat ×13 · Unknown (2703) ×4
Feudal
14:52
Castle
18:33
Imperial
—
| APM avg | 33.8 |
| APM peak | 54 |
| eAPM avg | 14.4 |
| Villagers / military | 35 / 13 |
Focus
⚔️ 16.5% · 🌾 83.5%
Fishing Ship ×18 · Hulk ×11 · Trade Cog ×2 · Fire Galley ×2
Match map
Initial resources + every placement click. Lines = walls · curves = elevation contours. ◆ gold · ⬟ stone · ● berries · ✦ relic · ◌ wall gap
Your base· Open — 9t gap
SoiledFool's base· Open — 6t gap
Smoothed initial terrain · ◌ = detected wall gap · hover for details
Inputs per minute
— ChavezTRC - - SoiledFool
Build order — ChavezTRC
143 actions detected in the replay
| 0:16 | Build | Town Center |
| 1:07 | Build | House |
| 1:53 | Build | House |
| 2:05 | Queue | Villager (Male) |
| 2:05 | Queue | Villager (Male) |
| 2:06 | Queue | Villager (Male) |
| 2:06 | Queue | Villager (Male) |
| 2:06 | Queue | Villager (Male) |
| 2:09 | Build | House |
| 2:32 | Build | Dock |
| 3:25 | Research | Loom |
| 3:31 | Queue | Fishing Ship |
| 3:44 | Research | Loom |
| 3:58 | Queue | Villager (Male) |
| 4:19 | Build | House |
| 4:31 | Queue | Villager (Male) |
| 4:31 | Queue | Villager (Male) |
| 5:00 | Queue | Villager (Male) |
| 5:01 | Queue | Villager (Male) |
| 5:09 | Queue | Villager (Male) |
| 5:09 | Queue | Villager (Male) |
| 5:45 | Queue | Fishing Ship |
| 5:46 | Queue | Villager (Male) |
| 5:47 | Queue | Villager (Male) |
| 6:05 | Build | House |
| 6:07 | Queue | Villager (Male) |
| 6:55 | Queue | Fishing Ship |
| 6:56 | Queue | Villager (Male) |
| 6:57 | Queue | Villager (Male) |
| 7:14 | Build | House |
| 7:18 | Queue | Villager (Male) |
| 7:18 | Queue | Villager (Male) |
| 7:23 | Build | House |
| 7:31 | Queue | Fishing Ship |
| 7:31 | Queue | Fishing Ship |
| 7:57 | Queue | Villager (Male) |
| 8:00 | Build | Lumber Camp |
| 8:18 | Queue | Fishing Ship |
| 8:19 | Queue | Fishing Ship |
| 8:20 | Queue | Villager (Male) |
| 8:55 | Queue | Fishing Ship |
| 8:56 | Queue | Villager (Male) |
| 8:56 | Queue | Villager (Male) |
| 9:08 | Build | Dock |
| 9:26 | Queue | Fishing Ship |
| 9:26 | Queue | Fishing Ship |
| 9:28 | Queue | Villager (Male) |
| 9:28 | Queue | Villager (Male) |
| 9:45 | Build | House |
| 9:45 | Build | House |
| 9:49 | Queue | Villager (Male) |
| 10:06 | Queue | Villager (Male) |
| 10:08 | Queue | Fishing Ship |
| 10:09 | Queue | Fishing Ship |
| 10:24 | Queue | Fishing Ship |
| 10:26 | Queue | Villager (Male) |
| 10:26 | Queue | Villager (Male) |
| 10:26 | Queue | Villager (Male) |
| 10:44 | Build | Mill |
| 11:02 | Queue | Fishing Ship |
| 11:02 | Queue | Fishing Ship |
| 11:19 | Build | House |
| 11:21 | Build | House |
| 11:28 | Queue | Villager (Male) |
| 11:30 | Queue | Fishing Ship |
| 11:58 | Queue | Villager (Male) |
| 12:09 | Build | Dock |
| 12:18 | Queue | Fishing Ship |
| 12:19 | Queue | Villager (Male) |
| 12:50 | Research | Feudal Age |
| 12:51 | Research | Feudal Age |
| 12:55 | Build | Mining Camp |
| 13:11 | Queue | Fishing Ship ×2 |
| 13:12 | Queue | Fishing Ship ×2 |
| 13:15 | Queue | Villager (Male) |
| 13:32 | Build | Lumber Camp |
| 14:21 | Queue | Villager (Male) |
| 14:24 | Queue | Fishing Ship |
| 14:24 | Queue | Fishing Ship |
| 14:24 | Queue | Fishing Ship |
| 15:06 | Age | Feudal Age |
| 15:08 | Build | Market |
| 15:13 | Build | Blacksmith |
| 15:16 | Research | Double-Bit Axe |
| 15:34 | Build | House |
| 15:34 | Build | House |
| 15:36 | Build | House |
| 15:54 | Research | Castle Age |
| 16:00 | Build | Dock |
| 16:15 | Build | House |
| 16:16 | Build | House |
| 16:17 | Build | House |
| 16:18 | Build | House |
| 16:19 | Build | House |
| 16:22 | Research | Fletching |
| 16:40 | Build | Barracks |
| 16:41 | Build | Barracks |
| 16:45 | Build | Barracks |
| 16:51 | Research | Scale Mail Armor |
| 16:51 | Research | Forging |
| 16:51 | Research | Forging |
| 17:04 | Research | Fishing Lines |
| 17:15 | Research | Gold Mining |
| 17:15 | Research | Gold Mining |
| 17:24 | Queue | Villager (Male) |
| 17:55 | Build | Barracks |
| 18:36 | Age | Castle Age |
| 18:36 | Queue | Longboat |
| 18:37 | Queue | Longboat |
| 18:37 | Queue | Longboat |
| 18:39 | Research | Bodkin Arrow |
| 18:39 | Research | Bodkin Arrow |
| 18:49 | Research | Bow Saw |
| 18:51 | Queue | Villager (Male) |
| 18:55 | Queue | Longboat |
| 19:12 | Queue | Villager (Male) |
| 19:22 | Queue | Longboat |
| 19:38 | Build | Town Center |
| 19:53 | Queue | Villager (Male) |
| 19:53 | Queue | Villager (Male) |
| 19:53 | Queue | Villager (Male) |
| 19:57 | Build | Lumber Camp |
| 20:08 | Queue | Villager (Male) |
| 20:11 | Queue | Unit 2703 |
| 20:12 | Queue | Unit 2703 |
| 20:12 | Queue | Unit 2703 |
| 20:12 | Queue | Unit 2703 |
| 20:26 | Queue | Villager (Male) |
| 20:36 | Queue | Longboat |
| 20:38 | Queue | Villager (Male) |
| 20:40 | Queue | Villager (Male) |
| 20:53 | Queue | Longboat |
| 20:55 | Queue | Villager (Male) |
| 20:58 | Queue | Villager (Male) |
| 21:08 | Queue | Longboat |
| 21:09 | Queue | Longboat |
| 21:16 | Queue | Longboat |
| 21:16 | Queue | Longboat |
| 21:25 | Research | Chain Mail Armor |
| 21:34 | Queue | Longboat ×2 |
| 21:36 | Queue | Villager (Male) |
| 21:36 | Queue | Villager (Male) |
| 21:36 | Queue | Villager (Male) |
Build order — SoiledFool
106 actions detected in the replay
| 0:14 | Build | Dock |
| 0:36 | Build | Town Center |
| 0:44 | Build | House |
| 0:44 | Build | House |
| 2:49 | Queue | Villager (Male) |
| 2:49 | Queue | Villager (Male) |
| 2:55 | Queue | Villager (Male) |
| 2:55 | Queue | Villager (Male) |
| 2:55 | Queue | Villager (Male) |
| 4:26 | Queue | Villager (Male) |
| 4:26 | Queue | Villager (Male) |
| 4:26 | Queue | Villager (Male) |
| 5:34 | Queue | Villager (Male) |
| 5:34 | Queue | Villager (Male) |
| 5:57 | Queue | Villager (Male) |
| 5:58 | Queue | Villager (Male) |
| 6:48 | Build | House |
| 6:57 | Queue | Fishing Ship |
| 6:57 | Queue | Fishing Ship |
| 6:57 | Queue | Fishing Ship |
| 7:16 | Queue | Villager (Male) |
| 7:33 | Queue | Villager (Male) |
| 7:33 | Queue | Villager (Male) |
| 7:34 | Queue | Villager (Male) |
| 7:34 | Queue | Villager (Male) |
| 7:34 | Queue | Villager (Male) |
| 7:40 | Queue | Fishing Ship |
| 7:41 | Queue | Fishing Ship |
| 8:19 | Queue | Villager (Male) |
| 8:19 | Queue | Villager (Male) |
| 8:19 | Queue | Villager (Male) |
| 8:38 | Build | House |
| 8:39 | Build | House |
| 8:44 | Research | Loom |
| 8:46 | Queue | Fishing Ship |
| 9:02 | Queue | Villager (Male) |
| 9:11 | Queue | Fishing Ship |
| 9:11 | Queue | Fishing Ship |
| 9:29 | Queue | Villager (Male) |
| 9:38 | Build | Lumber Camp |
| 9:58 | Build | Palisade Wall |
| 10:02 | Build | Palisade Wall |
| 10:12 | Queue | Villager (Male) |
| 10:12 | Queue | Villager (Male) |
| 10:30 | Queue | Villager (Male) |
| 10:37 | Build | Dock |
| 11:21 | Build | Mill |
| 11:39 | Queue | Fishing Ship |
| 11:39 | Queue | Fishing Ship |
| 11:44 | Queue | Villager (Male) |
| 11:44 | Queue | Villager (Male) |
| 11:55 | Queue | Fishing Ship |
| 12:33 | Build | House |
| 12:33 | Build | House |
| 12:42 | Research | Feudal Age |
| 12:42 | Research | Feudal Age |
| 12:42 | Research | Feudal Age |
| 12:48 | Build | Mining Camp |
| 13:05 | Queue | Fishing Ship |
| 13:06 | Queue | Fishing Ship |
| 13:14 | Queue | Fishing Ship |
| 13:15 | Queue | Fishing Ship |
| 13:43 | Queue | Fishing Ship |
| 13:44 | Queue | Fishing Ship |
| 13:56 | Queue | Fishing Ship |
| 14:44 | Build | House |
| 14:45 | Build | House |
| 14:52 | Age | Feudal Age |
| 15:04 | Build | Blacksmith |
| 15:23 | Build | Market |
| 15:34 | Research | Double-Bit Axe |
| 15:53 | Research | Castle Age |
| 15:54 | Research | Castle Age |
| 15:54 | Research | Castle Age |
| 15:58 | Queue | Hulk |
| 16:18 | Research | Fishing Lines |
| 16:38 | Queue | Hulk |
| 16:38 | Queue | Hulk |
| 16:44 | Queue | Hulk |
| 16:45 | Queue | Hulk |
| 17:07 | Build | Dock |
| 17:24 | Queue | Hulk |
| 17:24 | Queue | Hulk |
| 17:24 | Queue | Hulk |
| 17:39 | Research | Gold Mining |
| 17:50 | Queue | Hulk |
| 17:51 | Queue | Hulk |
| 18:27 | Queue | Trade Cog |
| 18:27 | Queue | Trade Cog |
| 18:31 | Queue | Hulk |
| 18:33 | Age | Castle Age |
| 18:43 | Research | Wheelbarrow |
| 18:59 | Queue | Villager (Male) |
| 19:00 | Queue | Villager (Male) |
| 19:02 | Research | Bow Saw |
| 19:24 | Research | War Galley (upgrade) |
| 19:48 | Queue | Villager (Male) |
| 19:49 | Queue | Villager (Male) |
| 19:51 | Build | Lumber Camp |
| 20:03 | Queue | Villager (Male) |
| 20:21 | Queue | Villager (Male) |
| 20:22 | Queue | Villager (Male) |
| 20:35 | Build | Town Center |
| 21:07 | Build | Stable |
| 21:28 | Queue | Fire Galley |
| 21:28 | Queue | Fire Galley |
Match timeline
| 0:14 | SoiledFool · first_building Dock |
| 2:32 | ChavezTRC · first_building Dock |
| 9:58 | SoiledFool · wall_segment Palisade Wall x1 |
| 10:02 | SoiledFool · wall_segment Palisade Wall x1 |
| 14:52 | SoiledFool · age_up feudal |
| 15:06 | ChavezTRC · age_up feudal |
| 16:40 | ChavezTRC · first_building Barracks |
| 18:33 | SoiledFool · age_up castle |
| 18:36 | ChavezTRC · age_up castle |
| 19:35 | ChavezTRC · first_market_buy 100 wood |
| 21:07 | SoiledFool · first_building Stable |
| 21:53 | SoiledFool · resign |
[ AI ANALYSIS · 1 CREDIT ]
What really happened in this match?
Wolo.gg analyzes every decision: build order, eco, micro, common mistakes by bracket. Personalized analysis on WhatsApp or Discord in 30 seconds.
Civ guide
Civ #61
Perfil
Jugador #108764